Red Wings vs Oilers
(R1)
Created - February 26, 2025 at 09:22
Goals
|
| Red Wings |
1 |
2 |
0 |
0 |
1 |
4 |
| Oilers |
2 |
0 |
1 |
0 |
0 |
3 |
|
Shots
|
| Red Wings |
15 |
17 |
2 |
5 |
3 |
39 |
| Oilers |
9 |
10 |
9 |
0 |
3 |
28 |
|
1st period
1. Oilers , Connor McDavid 19 (Nikita Kucherov 18) at 8:13
2. Red Wings , Dylan Larkin 23 (Connor Brown 29) at 12:09
3. Oilers , David Pastrnak 23 (Frederik Gauthier 14) at 16:55
Penalties :
Nate Schmidt (Det) for Interference (Minor) at 3:34, Dylan Larkin (Det) for High sticking (Minor) at 17:04
2nd period
4. Red Wings , Connor Brown 23 (Philip Samuelsson 10, Colton Parayko 25) at 1:30 (PP)
5. Red Wings , Jimmy Vesey 8 (Martin Marincin 2) at 16:43
Penalties :
Marcus Pettersson (Edm) for Tripping (Minor) at 0:59, Anton Slepyshev (Edm) for High sticking (Minor) at 2:44, David Pastrnak (Edm) for Hooking (Minor) at 10:13, Colton Parayko (Det) for Interference (Minor) at 11:41, Alex Galchenyuk (Det) for Tripping (Minor) at 19:35
3rd period
6. Oilers , Anton Slepyshev 3 (Jamie Benn 20, Andrew Mangiapane 7) at 19:25
Penalties :
Carson Mcmillan (Det) for Holding (Minor) at 4:03, Andrew Mangiapane (Edm) for Hooking (Minor) at 10:59, Charlie Coyle (Det) for Roughing (Minor) at 16:51
Overtime #1
No Goal
Penalties :
No Penalty
Shootout
Red Wings, Dylan Larkin - Stopped by Alexandar Georgiev
Oilers, Connor McDavid - Stopped by Frederik Andersen
Red Wings, Alex Galchenyuk - Stopped by Alexandar Georgiev
Oilers, Nikita Kucherov - Stopped by Frederik Andersen
Red Wings, Carson Mcmillan - Goal!
Oilers, David Pastrnak - Stopped by Frederik Andersen
Penalties :
No Penalty
Goalie Stats
Frederik Andersen (Det), 25 saves from 28 shots - (0.893), W, 5-5-1, 65:00 minutes
Alexandar Georgiev (Edm), 36 saves from 39 shots - (0.923), OTL, 20-15-5, 64:34 minutes
Players Stats for Red Wings
Player Name G A P +/- PIM S H SB GA TA FO MP PP MP PK MP
------------------------------------------------------------------------------------
Alex Galchenyuk 0 0 0 1 2 1 1 0 0 0 1/2 20:13 3:06 1:43
Carson Mcmillan 0 0 0 1 2 0 1 0 2 0 0/1 16:22 0:10 5:19
Charlie Coyle 0 0 0 -3 2 4 4 1 0 0 6/13 19:22 2:40 2:59
Colton Parayko 0 1 1 1 2 2 2 1 1 1 0/0 25:58 3:41 3:53
Connor Brown 1 1 2 0 0 4 2 0 2 0 3/4 18:27 3:07 0:00
Danton Heinen 0 0 0 -2 0 2 0 0 1 0 0/1 16:22 2:40 0:20
David Backes 0 0 0 -2 0 2 0 1 0 1 1/2 18:33 2:40 3:12
Dylan Larkin 1 0 1 1 2 8 1 0 1 0 11/21 17:57 3:07 0:07
Ivan Provorov 0 0 0 -1 0 0 1 0 0 0 0/0 16:43 2:15 1:00
Jimmy Vesey 1 0 1 1 0 3 0 1 0 0 1/2 10:57 0:10 0:00
Jordan Staal 0 0 0 1 0 2 0 0 0 0 2/6 13:02 2:15 0:00
Lucas Lessio 0 0 0 0 0 2 0 0 0 0 0/0 9:55 0:00 2:41
Marcus Kruger 0 0 0 -1 0 0 0 0 0 1 0/0 6:57 0:11 0:00
Martin Marincin 0 1 1 0 0 1 0 0 0 2 0/0 16:28 0:00 3:53
Nate Schmidt 0 0 0 0 2 0 2 1 0 2 0/0 22:15 0:00 5:21
Philip Samuelsson 0 1 1 -1 0 4 0 0 0 0 0/0 20:53 3:42 1:45
Roland McKeown 0 0 0 -1 0 2 2 0 0 1 0/0 19:59 0:00 6:54
T.J. Hensick 0 0 0 0 0 2 1 0 0 0 4/13 12:37 0:00 6:25
Players Stats for Oilers
Player Name G A P +/- PIM S H SB GA TA FO MP PP MP PK MP
------------------------------------------------------------------------------------
Andrew Mangiapane 0 1 1 1 2 3 0 0 0 0 1/1 11:22 0:29 0:00
Anton Slepyshev 1 0 1 1 2 3 2 0 2 0 0/1 12:21 0:36 0:35
Brandon Montour 0 0 0 1 0 0 0 2 0 0 0/0 26:45 6:08 3:39
Brent Burns 0 0 0 -1 0 0 0 0 0 0 0/0 11:55 0:00 0:00
Christian Fischer 0 0 0 0 0 0 0 0 0 0 0/0 6:21 0:00 0:00
Connor McDavid 1 0 1 0 0 5 0 1 1 1 10/22 21:50 5:04 1:19
David Pastrnak 1 0 1 0 2 2 1 0 2 0 0/1 18:13 4:49 0:00
Frederik Gauthier 0 1 1 0 0 3 1 0 0 1 12/22 20:41 6:06 1:28
Jamie Benn 0 1 1 1 0 0 1 0 0 2 1/2 15:30 0:00 1:52
Jamie McBain 0 0 0 0 0 2 2 2 1 2 0/0 30:13 6:08 3:39
Jason Robertson 0 0 0 0 0 0 0 0 0 0 0/0 11:38 4:54 0:14
Leon Draisaitl 0 0 0 0 0 3 2 1 0 0 0/0 22:54 5:53 3:16
Marco Scandella 0 0 0 2 0 0 0 1 0 0 0/0 21:42 5:15 2:18
Marcus Pettersson 0 0 0 1 2 0 1 0 0 0 0/0 22:29 5:15 2:18
Nikita Kucherov 0 1 1 0 0 2 6 0 2 0 0/0 20:43 6:05 0:00
Noel Acciari 0 0 0 0 0 2 0 1 0 0 1/1 6:55 0:13 0:00
Philippe Myers 0 0 0 -1 0 0 0 1 0 0 0/0 11:55 0:00 0:00
Tyler Johnson 0 0 0 0 0 3 3 0 0 1 11/15 15:01 0:00 3:10
3 Stars
1 - Connor Brown (Det)
2 - Jimmy Vesey (Det)
3 - Nikita Kucherov (Edm)
Power Play
Red Wings - 1 on 4 Attempt(s) - 25.00%
Oilers - 0 on 6 Attempt(s) - 0.00%
Penalty Kill
Red Wings - 6 on 6 Attempt(s) - 100.00%
- Score 0 goal in Penalty Kill
Oilers - 3 on 4 Attempt(s) - 75.00%
- Score 0 goal in Penalty Kill
Team Stat
Red Wings - Hits : 17 - Faceoff Wins : 29 - Blocked Shots : 5 - Penalty Minutes : 12
Oilers - Hits : 19 - Faceoff Wins : 36 - Blocked Shots : 9 - Penalty Minutes : 8
Official
Referees : Peter MacDougall and Kendrick Nicholson
Linesman : Bryan Pancich and Bevan Mills
Game Notes
No Game Note
Finance
Level 1 -- Attendance: 5659 (94.32%) -- Ticket Income $565,900
Level 2 -- Attendance: 4616 (92.32%) -- Ticket Income $323,120
Level 3 -- Attendance: 1955 (97.75%) -- Ticket Income $78,200
Level 4 -- Attendance: 3666 (91.65%) -- Ticket Income $109,980
Luxury Box -- Attendance: 927 (92.70%) -- Ticket Income $185,400
Game was played at the Rodgers Place.
Total Attendance: 16823 (93.46%)
Total Ticket Income: $1,262,600
Other Income: $189,390
Total Income: $1,451,990
Red Wings
5 vs 5 Forward
Center Left Wing Right Wing Time % Phy DF OF
1 Dylan Larkin Alex Galchenyuk Connor Brown 35 1 2 2
2 Charlie Coyle Danton Heinen David Backes 35 1 2 2
3 Jordan Staal Jimmy Vesey Carson Mcmillan 20 1 2 2
4 T.J. Hensick Lucas Lessio Marcus Kruger 10 1 2 2
5 vs 5 Defense
Defense Defense Time % Phy DF OF
1 Nate Schmidt Colton Parayko 40 1 2 2
2 Philip Samuelsson Ivan Provorov 30 1 2 2
3 Martin Marincin Roland McKeown 20 1 2 2
4 Martin Marincin Roland McKeown 10 1 2 2
PowerPlay Forward
Center Left Wing Right Wing Time % Phy DF OF
1 Dylan Larkin Alex Galchenyuk Connor Brown 60 1 2 2
2 Charlie Coyle Danton Heinen David Backes 40 1 2 2
PowerPlay Defense
Defense Defense Time % Phy DF OF
1 Philip Samuelsson Colton Parayko 60 1 2 2
2 Ivan Provorov Jordan Staal 40 1 2 2
Penalty Kill 4 Players Forward
Center Wing Time % Phy DF OF
1 T.J. Hensick Carson Mcmillan 60 1 2 2
2 Charlie Coyle David Backes 40 1 2 2
Penalty Kill 4 Players Defense
Defense Defense Time % Phy DF OF
1 Nate Schmidt Roland McKeown 60 1 2 2
2 Colton Parayko Martin Marincin 40 1 2 2
Penalty Kill - 3 Players Forward
Forward Time % Phy DF OF
1 Carson Mcmillan 60 1 2 2
2 T.J. Hensick 40 1 2 2
Penalty Kill - 3 Players Defense
Defense Defense Time % Phy DF OF
1 Nate Schmidt Roland McKeown 60 1 2 2
2 Martin Marincin Colton Parayko 40 1 2 2
4 vs 4 Forward
Center Wing Time % Phy DF OF
1 Alex Galchenyuk Connor Brown 60 1 2 2
2 Charlie Coyle Dylan Larkin 40 1 2 2
4 vs 4 Defense
Defense Defense Time % Phy DF OF
1 Ivan Provorov Philip Samuelsson 60 1 2 2
2 Colton Parayko Nate Schmidt 40 1 2 2
Last Minutes Offensive
Center Left Wing Right Wing Defense Defense
Dylan Larkin Alex Galchenyuk Connor Brown Colton Parayko Philip Samuelsson
Last Minutes Defensive
Center Left Wing Right Wing Defense Defense
T.J. Hensick Charlie Coyle Carson Mcmillan Colton Parayko Roland McKeown
Goaltenders
Starting : Frederik Andersen
Backup : Carter Hart
Extra Forwards
Normal : David Backes, T.J. Hensick, Marcus Kruger - PP : Marcus Kruger, Jimmy Vesey - PK : Lucas Lessio
Extra Defensemen
Normal : Roland McKeown, Philip Samuelsson, Nate Schmidt - PP : Nate Schmidt - PK : Philip Samuelsson, Ivan Provorov
Penalty Shots
Dylan Larkin, Alex Galchenyuk, Carson Mcmillan, Charlie Coyle, Jordan Staal
Custom OT Lines Forwards
Dylan Larkin, Connor Brown, Alex Galchenyuk, Charlie Coyle, Danton Heinen, David Backes, Jimmy Vesey, Carson Mcmillan, Jordan Staal, T.J. Hensick
Custom OT Lines Defensemen
Colton Parayko, Philip Samuelsson, Ivan Provorov, Roland McKeown, Nate Schmidt
Scratches
Brendan Woods (Healthy)
Oilers
5 vs 5 Forward
Center Left Wing Right Wing Time % Phy DF OF
1 Connor McDavid Jamie Benn Nikita Kucherov 35 1 2 2
2 Frederik Gauthier Leon Draisaitl David Pastrnak 30 1 2 2
3 Tyler Johnson Anton Slepyshev Andrew Mangiapane 25 1 2 2
4 Noel Acciari Jason Robertson Christian Fischer 10 1 2 2
5 vs 5 Defense
Defense Defense Time % Phy DF OF
1 Jamie McBain Marcus Pettersson 40 1 2 2
2 Marco Scandella Brandon Montour 30 1 2 2
3 Brent Burns Philippe Myers 20 1 2 2
4 Jamie McBain Brandon Montour 10 1 2 2
PowerPlay Forward
Center Left Wing Right Wing Time % Phy DF OF
1 Frederik Gauthier Leon Draisaitl Nikita Kucherov 60 1 2 2
2 Connor McDavid Jason Robertson David Pastrnak 40 1 2 2
PowerPlay Defense
Defense Defense Time % Phy DF OF
1 Jamie McBain Brandon Montour 60 1 2 2
2 Marco Scandella Marcus Pettersson 40 1 2 2
Penalty Kill 4 Players Forward
Center Wing Time % Phy DF OF
1 Tyler Johnson Leon Draisaitl 60 1 4 0
2 Frederik Gauthier Jamie Benn 40 1 4 0
Penalty Kill 4 Players Defense
Defense Defense Time % Phy DF OF
1 Jamie McBain Brandon Montour 60 0 5 0
2 Marco Scandella Marcus Pettersson 40 0 5 0
Penalty Kill - 3 Players Forward
Forward Time % Phy DF OF
1 Connor McDavid 60 0 5 0
2 Tyler Johnson 40 0 5 0
Penalty Kill - 3 Players Defense
Defense Defense Time % Phy DF OF
1 Jamie McBain Brandon Montour 60 0 5 0
2 Marco Scandella Marcus Pettersson 40 0 5 0
4 vs 4 Forward
Center Wing Time % Phy DF OF
1 Connor McDavid Leon Draisaitl 60 1 2 2
2 Tyler Johnson Jamie Benn 40 1 2 2
4 vs 4 Defense
Defense Defense Time % Phy DF OF
1 Jamie McBain Brandon Montour 60 1 2 2
2 Marco Scandella Marcus Pettersson 40 1 2 2
Last Minutes Offensive
Center Left Wing Right Wing Defense Defense
Connor McDavid Leon Draisaitl Nikita Kucherov Jamie McBain Brandon Montour
Last Minutes Defensive
Center Left Wing Right Wing Defense Defense
Connor McDavid Leon Draisaitl Nikita Kucherov Jamie McBain Brandon Montour
Goaltenders
Starting : Alexandar Georgiev
Backup : Jaroslav Halak
Extra Forwards
Normal : Leon Draisaitl, Frederik Gauthier, Jamie Benn - PP : Leon Draisaitl, Frederik Gauthier - PK : Leon Draisaitl
Extra Defensemen
Normal : Marcus Pettersson, Brent Burns, Philippe Myers - PP : Marcus Pettersson - PK : Marcus Pettersson, Brent Burns
Penalty Shots
Connor McDavid, Nikita Kucherov, David Pastrnak, Tyler Johnson, Leon Draisaitl
Custom OT Lines Forwards
Connor McDavid, Nikita Kucherov, David Pastrnak, Tyler Johnson, Leon Draisaitl, Frederik Gauthier, Jamie Benn, Noel Acciari, Anton Slepyshev, Andrew Mangiapane
Custom OT Lines Defensemen
Jamie McBain, Brandon Montour, Marco Scandella, Marcus Pettersson, Brent Burns
Scratches
Brett Lernout (Healthy)
% Time on Ice - Red Wings
Lines # - Real PCT - Wanted PCT - Time Play
Normal Forward
1 - 33% - 35% - 13:39
2 - 28% - 35% - 11:36
3 - 25% - 20% - 10:17
4 - 15% - 10% - 6:07
Normal Defense
1 - 40% - 40% - 16:48
2 - 31% - 30% - 12:57
3 - 22% - 20% - 9:15
4 - 6% - 10% - 2:39
PP Forward
1 - 55% - 60% - 3:17
2 - 45% - 40% - 2:40
PP Defense
1 - 62% - 60% - 3:42
2 - 38% - 40% - 2:15
PK Forward
1 - 72% - 60% - 8:11
2 - 28% - 40% - 3:12
PK Defense
1 - 66% - 60% - 7:30
2 - 34% - 40% - 3:53
PK3 Forward
1 - 0% - 60%
2 - 0% - 40%
PK3 Defense
1 - 0% - 60%
2 - 0% - 40%
44 Forward
1 - 100% - 60% - 0:31
2 - 0% - 40% - 0:00
44 Defense
1 - 100% - 60% - 0:31
2 - 0% - 40% - 0:00
Last Minute Offensive - 0:00
Last Minute Defensive - 0:30
Total
Forward - 60:00
Defense - 60:00
|
% Time on Ice - Oilers
Lines # - Real PCT - Wanted PCT - Time Play
Normal Forward
1 - 31% - 35% - 13:06
2 - 29% - 30% - 11:55
3 - 25% - 25% - 10:14
4 - 15% - 10% - 6:21
Normal Defense
1 - 37% - 40% - 15:22
2 - 30% - 30% - 12:26
3 - 29% - 20% - 11:55
4 - 5% - 10% - 1:53
PP Forward
1 - 57% - 60% - 6:29
2 - 43% - 40% - 4:54
PP Defense
1 - 54% - 60% - 6:08
2 - 46% - 40% - 5:15
PK Forward
1 - 75% - 60% - 4:29
2 - 25% - 40% - 1:28
PK Defense
1 - 61% - 60% - 3:39
2 - 39% - 40% - 2:18
PK3 Forward
1 - 0% - 60%
2 - 0% - 40%
PK3 Defense
1 - 0% - 60%
2 - 0% - 40%
44 Forward
1 - 100% - 60% - 0:31
2 - 0% - 40% - 0:00
44 Defense
1 - 97% - 60% - 0:30
2 - 3% - 40% - 0:01
Last Minute Offensive - 0:33
Last Minute Defensive - 0:00
Total
Forward - 60:00
Defense - 60:00
|
Play-by-Play
1st period
0:01 of 1st period - Connor McDavid wins face-off versus Dylan Larkin in neutral zone.
0:40 of 1st period - Snap shot by David Backes.
0:40 of 1st period - Stopped by Alexandar Georgiev with a rebound.
0:49 of 1st period - Icing by Charlie Coyle.
0:50 of 1st period - Tyler Johnson wins face-off versus Charlie Coyle in Red Wings zone.
1:21 of 1st period - Snap shot by Connor McDavid.
1:21 of 1st period - Stopped by Frederik Andersen with a rebound.
1:54 of 1st period - Snap shot by David Pastrnak.
1:54 of 1st period - Shot Misses the Net.
2:04 of 1st period - Philippe Myers is hit by Dylan Larkin and loses puck.
2:13 of 1st period - Snap shot by Dylan Larkin.
2:13 of 1st period - Shot Misses the Net.
2:15 of 1st period - Wrist shot by Dylan Larkin.
2:15 of 1st period - Stopped by Alexandar Georgiev with a rebound.
2:29 of 1st period - Snap shot by Tyler Johnson.
2:29 of 1st period - Stopped by Frederik Andersen without a rebound.
2:30 of 1st period - Tyler Johnson wins face-off versus T.J. Hensick in Red Wings zone.
2:35 of 1st period - Slapshot by Tyler Johnson.
2:35 of 1st period - Stopped by Frederik Andersen with a rebound.
2:37 of 1st period - Slapshot by Jamie McBain.
2:37 of 1st period - Stopped by Frederik Andersen without a rebound.
2:38 of 1st period - Connor McDavid wins face-off versus Jordan Staal in Red Wings zone.
2:43 of 1st period - Wrist shot by Nikita Kucherov.
2:43 of 1st period - Shot Misses the Net.
2:49 of 1st period - Backhand shot by Jordan Staal.
2:49 of 1st period - Stopped by Alexandar Georgiev with a rebound.
3:05 of 1st period - Roland McKeown is hit by Leon Draisaitl and loses puck.
3:12 of 1st period - Marcus Pettersson is hit by Connor Brown and loses puck.
3:34 of 1st period - Minor Penalty to Nate Schmidt for Interference.
3:35 of 1st period - Frederik Gauthier wins face-off versus T.J. Hensick in Red Wings zone.
3:51 of 1st period - Snap shot by Leon Draisaitl.
3:51 of 1st period - Shot Misses the Net.
4:13 of 1st period - Wrist shot by David Pastrnak.
4:13 of 1st period - Stopped by Frederik Andersen with a rebound.
5:34 of 1st period - Penalty to Nate Schmidt is over, Nate Schmidt is back on ice.
5:40 of 1st period - Tyler Johnson is hit by Alex Galchenyuk and loses puck.
6:03 of 1st period - Noel Acciari is hit by Nate Schmidt and loses puck.
6:31 of 1st period - Slapshot by Colton Parayko.
6:31 of 1st period - Stopped by Alexandar Georgiev without a rebound.
6:32 of 1st period - Charlie Coyle wins face-off versus Tyler Johnson in Oilers zone.
6:49 of 1st period - Slapshot by Charlie Coyle.
6:49 of 1st period - Stopped by Alexandar Georgiev without a rebound.
6:50 of 1st period - Dylan Larkin wins face-off versus Frederik Gauthier in Oilers zone.
6:58 of 1st period - Off-side.
6:59 of 1st period - Frederik Gauthier wins face-off versus Dylan Larkin in neutral zone.
7:20 of 1st period - Snap shot by Connor Brown.
7:20 of 1st period - Stopped by Alexandar Georgiev without a rebound.
7:21 of 1st period - Charlie Coyle wins face-off versus Connor McDavid in Oilers zone.
7:50 of 1st period - Wrist shot by Leon Draisaitl.
7:50 of 1st period - Stopped by Frederik Andersen without a rebound.
7:51 of 1st period - Dylan Larkin wins face-off versus Frederik Gauthier in Red Wings zone.
7:58 of 1st period - Wrist shot by Dylan Larkin.
7:58 of 1st period - Deflect By Connor Brown.
7:58 of 1st period - Stopped by Alexandar Georgiev without a rebound.
7:59 of 1st period - Jamie Benn wins face-off versus David Backes in Oilers zone.
7:59 of 1st period - Jamie Benn is hit by Charlie Coyle.
8:13 of 1st period - Wrist shot by Connor McDavid.
8:13 of 1st period - Goal by Connor McDavid - Red Wings : 0 - Oilers : 1.
8:14 of 1st period - Jordan Staal wins face-off versus Connor McDavid in neutral zone.
9:09 of 1st period - Backhand shot by T.J. Hensick.
9:09 of 1st period - Stopped by Alexandar Georgiev without a rebound.
9:10 of 1st period - Connor McDavid wins face-off versus T.J. Hensick in Oilers zone.
9:17 of 1st period - Roland McKeown is hit by Nikita Kucherov.
10:21 of 1st period - Wrist shot by Lucas Lessio.
10:21 of 1st period - Stopped by Alexandar Georgiev with a rebound.
10:23 of 1st period - Wrist shot by T.J. Hensick.
10:23 of 1st period - Stopped by Alexandar Georgiev without a rebound.
10:24 of 1st period - Connor McDavid wins face-off versus Charlie Coyle in Oilers zone.
11:20 of 1st period - Snap shot by Jimmy Vesey.
11:20 of 1st period - Shot Blocked by Noel Acciari.
11:22 of 1st period - Slapshot by Martin Marincin.
11:22 of 1st period - Stopped by Alexandar Georgiev without a rebound.
11:23 of 1st period - Connor McDavid wins face-off versus Charlie Coyle in Oilers zone.
11:32 of 1st period - Snap shot by Charlie Coyle.
11:32 of 1st period - Shot Misses the Net.
11:34 of 1st period - Wrist shot by David Backes.
11:34 of 1st period - Deflect By Danton Heinen.
11:34 of 1st period - Shot Blocked by Connor McDavid.
11:34 of 1st period - Puck is out of play.
11:35 of 1st period - David Backes wins face-off versus David Pastrnak in Oilers zone.
12:07 of 1st period - Wrist shot by Dylan Larkin.
12:07 of 1st period - Stopped by Alexandar Georgiev with a rebound.
12:09 of 1st period - Slapshot by Dylan Larkin.
12:09 of 1st period - Goal by Dylan Larkin - Red Wings : 1 - Oilers : 1.
12:10 of 1st period - Dylan Larkin wins face-off versus Connor McDavid in neutral zone.
13:15 of 1st period - Slapshot by Frederik Gauthier.
13:15 of 1st period - Shot Blocked by David Backes.
14:16 of 1st period - Philippe Myers is hit by Nate Schmidt.
14:20 of 1st period - Colton Parayko is hit by Leon Draisaitl and loses puck.
14:56 of 1st period - Snap shot by Dylan Larkin.
14:56 of 1st period - Shot Blocked by Jamie McBain.
15:31 of 1st period - Martin Marincin is hit by Marcus Pettersson and loses puck.
16:27 of 1st period - Icing by T.J. Hensick.
16:28 of 1st period - Connor McDavid wins face-off versus T.J. Hensick in Red Wings zone.
16:35 of 1st period - Wrist shot by Lucas Lessio.
16:35 of 1st period - Stopped by Alexandar Georgiev without a rebound.
16:36 of 1st period - Dylan Larkin wins face-off versus Connor McDavid in Oilers zone.
16:47 of 1st period - Wrist shot by Dylan Larkin.
16:47 of 1st period - Stopped by Alexandar Georgiev without a rebound.
16:48 of 1st period - Frederik Gauthier wins face-off versus Charlie Coyle in Oilers zone.
16:55 of 1st period - Slapshot by David Pastrnak.
16:55 of 1st period - Goal by David Pastrnak - Red Wings : 1 - Oilers : 2.
16:56 of 1st period - Frederik Gauthier wins face-off versus Dylan Larkin in neutral zone.
17:04 of 1st period - Minor Penalty to Dylan Larkin for High sticking.
17:05 of 1st period - Frederik Gauthier wins face-off versus T.J. Hensick in Red Wings zone.
19:04 of 1st period - Penalty to Dylan Larkin is over, Dylan Larkin is back on ice.
19:22 of 1st period - Slapshot by Tyler Johnson.
19:22 of 1st period - Stopped by Frederik Andersen with a rebound.
19:48 of 1st period - Philippe Myers is hit by Ivan Provorov and loses puck.
Goals for this period are 1 for Red Wings vs 2 for Oilers.
Shots for this period are 15 for Red Wings vs 9 for Oilers.
2nd period
0:01 of 2nd period - Dylan Larkin wins face-off versus Frederik Gauthier in neutral zone.
0:10 of 2nd period - Snap shot by Connor Brown.
0:10 of 2nd period - Shot Misses the Net.
0:12 of 2nd period - Wrist shot by Dylan Larkin.
0:12 of 2nd period - Stopped by Alexandar Georgiev with a rebound.
0:56 of 2nd period - Snap shot by Jordan Staal.
0:56 of 2nd period - Deflect By Jimmy Vesey.
0:56 of 2nd period - Shot Blocked by Brandon Montour.
0:56 of 2nd period - Puck is out of play.
0:57 of 2nd period - Tyler Johnson wins face-off versus Dylan Larkin in Oilers zone.
0:59 of 2nd period - Minor Penalty to Marcus Pettersson for Tripping.
1:00 of 2nd period - Tyler Johnson wins face-off versus Dylan Larkin in Oilers zone.
1:10 of 2nd period - Wrist shot by Dylan Larkin.
1:10 of 2nd period - Shot Misses the Net.
1:12 of 2nd period - Wrist shot by Dylan Larkin.
1:12 of 2nd period - Stopped by Alexandar Georgiev without a rebound.
1:13 of 2nd period - Tyler Johnson wins face-off versus Alex Galchenyuk in Oilers zone.
1:26 of 2nd period - Slapshot by Colton Parayko.
1:26 of 2nd period - Shot Misses the Net.
1:28 of 2nd period - Slapshot by Philip Samuelsson.
1:28 of 2nd period - Deflect By Leon Draisaitl.
1:28 of 2nd period - Stopped by Alexandar Georgiev with a rebound.
1:30 of 2nd period - Wrist shot by Connor Brown.
1:30 of 2nd period - Goal by Connor Brown - Red Wings : 2 - Oilers : 2.
1:31 of 2nd period - Frederik Gauthier wins face-off versus Danton Heinen in neutral zone.
1:40 of 2nd period - Wrist shot by Charlie Coyle.
1:40 of 2nd period - Shot Blocked by Jamie McBain.
1:44 of 2nd period - Snap shot by Danton Heinen.
1:44 of 2nd period - Stopped by Alexandar Georgiev without a rebound.
1:45 of 2nd period - Connor McDavid wins face-off versus Dylan Larkin in Oilers zone.
2:12 of 2nd period - Leon Draisaitl is hit by Charlie Coyle and loses puck.
2:17 of 2nd period - Slapshot by Charlie Coyle.
2:17 of 2nd period - Stopped by Alexandar Georgiev with a rebound.
2:19 of 2nd period - Snap shot by Ivan Provorov.
2:19 of 2nd period - Shot Blocked by Leon Draisaitl.
2:35 of 2nd period - Slapshot by Jimmy Vesey.
2:35 of 2nd period - Stopped by Alexandar Georgiev without a rebound.
2:36 of 2nd period - Tyler Johnson wins face-off versus Jimmy Vesey in Oilers zone.
2:44 of 2nd period - Minor Penalty to Anton Slepyshev for High sticking.
2:45 of 2nd period - Dylan Larkin wins face-off versus Tyler Johnson in Oilers zone.
3:30 of 2nd period - Snap shot by Charlie Coyle.
3:30 of 2nd period - Stopped by Alexandar Georgiev with a rebound.
3:32 of 2nd period - Slapshot by Charlie Coyle.
3:32 of 2nd period - Shot Blocked by Marco Scandella.
3:34 of 2nd period - Slapshot by Philip Samuelsson.
3:34 of 2nd period - Stopped by Alexandar Georgiev with a rebound.
4:44 of 2nd period - Penalty to Anton Slepyshev is over, Anton Slepyshev is back on ice.
5:07 of 2nd period - Snap shot by Connor McDavid.
5:07 of 2nd period - Stopped by Frederik Andersen without a rebound.
5:08 of 2nd period - Jordan Staal wins face-off versus Frederik Gauthier in Red Wings zone.
5:15 of 2nd period - Wrist shot by Jimmy Vesey.
5:15 of 2nd period - Stopped by Alexandar Georgiev with a rebound.
5:17 of 2nd period - Slapshot by Roland McKeown.
5:17 of 2nd period - Stopped by Alexandar Georgiev without a rebound.
5:18 of 2nd period - Frederik Gauthier wins face-off versus Jordan Staal in Oilers zone.
5:43 of 2nd period - Snap shot by Jimmy Vesey.
5:43 of 2nd period - Shot Misses the Net.
5:45 of 2nd period - Slapshot by Roland McKeown.
5:45 of 2nd period - Stopped by Alexandar Georgiev with a rebound.
5:59 of 2nd period - Slapshot by Jordan Staal.
5:59 of 2nd period - Stopped by Alexandar Georgiev without a rebound.
6:00 of 2nd period - Charlie Coyle wins face-off versus Connor McDavid in Oilers zone.
6:03 of 2nd period - Wrist shot by Danton Heinen.
6:03 of 2nd period - Shot Misses the Net.
6:23 of 2nd period - Icing by Marcus Pettersson.
6:24 of 2nd period - Dylan Larkin wins face-off versus Anton Slepyshev in Oilers zone.
6:39 of 2nd period - Wrist shot by Dylan Larkin.
6:39 of 2nd period - Stopped by Alexandar Georgiev without a rebound.
6:40 of 2nd period - Charlie Coyle wins face-off versus Jamie Benn in Oilers zone.
7:07 of 2nd period - Connor Brown is hit by Tyler Johnson and loses puck.
7:52 of 2nd period - Jamie McBain is hit by Charlie Coyle and loses puck.
8:01 of 2nd period - Snap shot by Noel Acciari.
8:01 of 2nd period - Deflect By Jason Robertson.
8:01 of 2nd period - Shot Misses the Net.
8:01 of 2nd period - Puck is out of play.
8:02 of 2nd period - Dylan Larkin wins face-off versus Connor McDavid in Red Wings zone.
8:13 of 2nd period - Wrist shot by Connor McDavid.
8:13 of 2nd period - Stopped by Frederik Andersen with a rebound.
8:29 of 2nd period - David Pastrnak is hit by Charlie Coyle.
9:37 of 2nd period - Dylan Larkin is hit by Nikita Kucherov and loses puck.
10:07 of 2nd period - Wrist shot by David Backes.
10:07 of 2nd period - Stopped by Alexandar Georgiev with a rebound.
10:13 of 2nd period - Minor Penalty to David Pastrnak for Hooking.
10:14 of 2nd period - Tyler Johnson wins face-off versus Dylan Larkin in Oilers zone.
11:36 of 2nd period - Slapshot by Frederik Gauthier.
11:36 of 2nd period - Stopped by Frederik Andersen without a rebound.
11:37 of 2nd period - Dylan Larkin wins face-off versus Tyler Johnson in Red Wings zone.
11:41 of 2nd period - Minor Penalty to Colton Parayko for Interference.
11:42 of 2nd period - Alex Galchenyuk wins face-off versus Connor McDavid in Red Wings zone.
11:53 of 2nd period - Wrist shot by Leon Draisaitl.
11:53 of 2nd period - Shot Misses the Net.
11:55 of 2nd period - Snap shot by Leon Draisaitl.
11:55 of 2nd period - Shot Misses the Net.
11:57 of 2nd period - Slapshot by Jamie McBain.
11:57 of 2nd period - Stopped by Frederik Andersen with a rebound.
11:59 of 2nd period - Slapshot by Jamie McBain.
11:59 of 2nd period - Shot Misses the Net.
12:13 of 2nd period - Penalty to David Pastrnak is over, David Pastrnak is back on ice.
12:36 of 2nd period - Snap shot by Leon Draisaitl.
12:36 of 2nd period - Deflect By David Pastrnak.
12:36 of 2nd period - Shot Misses the Net.
12:36 of 2nd period - Puck is out of play.
12:37 of 2nd period - T.J. Hensick wins face-off versus Frederik Gauthier in Red Wings zone.
12:48 of 2nd period - Slapshot by Jamie McBain.
12:48 of 2nd period - Deflect By Nikita Kucherov.
12:48 of 2nd period - Stopped by Frederik Andersen with a rebound.
13:36 of 2nd period - Nate Schmidt is hit by Nikita Kucherov and loses puck.
13:41 of 2nd period - Penalty to Colton Parayko is over, Colton Parayko is back on ice.
13:55 of 2nd period - Wrist shot by Anton Slepyshev.
13:55 of 2nd period - Stopped by Frederik Andersen without a rebound.
13:56 of 2nd period - Charlie Coyle wins face-off versus Tyler Johnson in Red Wings zone.
14:50 of 2nd period - Ivan Provorov is hit by Nikita Kucherov and loses puck.
15:28 of 2nd period - Wrist shot by Connor McDavid.
15:28 of 2nd period - Shot Blocked by Colton Parayko.
15:30 of 2nd period - Wrist shot by Brandon Montour.
15:30 of 2nd period - Shot Blocked by Nate Schmidt.
15:32 of 2nd period - Snap shot by Connor McDavid.
15:32 of 2nd period - Stopped by Frederik Andersen without a rebound.
15:33 of 2nd period - Dylan Larkin wins face-off versus Frederik Gauthier in Red Wings zone.
15:42 of 2nd period - Wrist shot by Frederik Gauthier.
15:42 of 2nd period - Stopped by Frederik Andersen with a rebound.
16:37 of 2nd period - Frederik Gauthier is hit by Roland McKeown.
16:43 of 2nd period - Snap shot by Jimmy Vesey.
16:43 of 2nd period - Goal by Jimmy Vesey - Red Wings : 3 - Oilers : 2.
16:44 of 2nd period - Charlie Coyle wins face-off versus Connor McDavid in neutral zone.
17:11 of 2nd period - Dylan Larkin is hit by Frederik Gauthier and loses puck.
17:48 of 2nd period - Wrist shot by Noel Acciari.
17:48 of 2nd period - Shot Misses the Net.
18:05 of 2nd period - Icing by Danton Heinen.
18:06 of 2nd period - Connor McDavid wins face-off versus Charlie Coyle in Red Wings zone.
18:35 of 2nd period - Slapshot by Philip Samuelsson.
18:35 of 2nd period - Stopped by Alexandar Georgiev without a rebound.
18:36 of 2nd period - Dylan Larkin wins face-off versus Frederik Gauthier in Oilers zone.
18:53 of 2nd period - David Pastrnak is hit by Roland McKeown and loses puck.
19:30 of 2nd period - Snap shot by Andrew Mangiapane.
19:30 of 2nd period - Stopped by Frederik Andersen without a rebound.
19:31 of 2nd period - Tyler Johnson wins face-off versus Dylan Larkin in Red Wings zone.
19:35 of 2nd period - Minor Penalty to Alex Galchenyuk for Tripping.
19:36 of 2nd period - T.J. Hensick wins face-off versus Frederik Gauthier in Red Wings zone.
19:52 of 2nd period - Snap shot by Nikita Kucherov.
19:52 of 2nd period - Stopped by Frederik Andersen without a rebound.
19:53 of 2nd period - Frederik Gauthier wins face-off versus T.J. Hensick in Red Wings zone.
Goals for this period are 2 for Red Wings vs 0 for Oilers.
Shots for this period are 17 for Red Wings vs 10 for Oilers.
3rd period
0:01 of 3rd period - T.J. Hensick wins face-off versus Frederik Gauthier in neutral zone.
1:35 of 3rd period - Penalty to Alex Galchenyuk is over, Alex Galchenyuk is back on ice.
1:52 of 3rd period - Danton Heinen is hit by Jamie McBain and loses puck.
2:19 of 3rd period - Snap shot by Alex Galchenyuk.
2:19 of 3rd period - Shot Blocked by Brandon Montour.
2:21 of 3rd period - Slapshot by Ivan Provorov.
2:21 of 3rd period - Shot Misses the Net.
2:41 of 3rd period - Snap shot by Alex Galchenyuk.
2:41 of 3rd period - Stopped by Alexandar Georgiev without a rebound.
2:42 of 3rd period - Frederik Gauthier wins face-off versus Jordan Staal in Oilers zone.
2:49 of 3rd period - Wrist shot by David Pastrnak.
2:49 of 3rd period - Shot Hit the Post.
2:51 of 3rd period - Slapshot by Frederik Gauthier.
2:51 of 3rd period - Stopped by Frederik Andersen with a rebound.
2:53 of 3rd period - Wrist shot by David Pastrnak.
2:53 of 3rd period - Deflect By Leon Draisaitl.
2:53 of 3rd period - Stopped by Frederik Andersen with a rebound.
2:55 of 3rd period - Slapshot by Philippe Myers.
2:55 of 3rd period - Deflect By Leon Draisaitl.
2:55 of 3rd period - Deflect By Carson Mcmillan.
2:55 of 3rd period - Shot Misses the Net.
2:55 of 3rd period - Puck is out of play.
2:56 of 3rd period - Frederik Gauthier wins face-off versus Jordan Staal in Red Wings zone.
3:04 of 3rd period - Off-side.
3:05 of 3rd period - Jimmy Vesey wins face-off versus Frederik Gauthier in neutral zone.
4:00 of 3rd period - Philippe Myers is hit by Colton Parayko.
4:03 of 3rd period - Minor Penalty to Carson Mcmillan for Holding.
4:04 of 3rd period - T.J. Hensick wins face-off versus Connor McDavid in Red Wings zone.
5:45 of 3rd period - Philip Samuelsson is hit by Nikita Kucherov and loses puck.
6:03 of 3rd period - Penalty to Carson Mcmillan is over, Carson Mcmillan is back on ice.
6:10 of 3rd period - Philip Samuelsson is hit by Tyler Johnson and loses puck.
6:46 of 3rd period - Wrist shot by Charlie Coyle.
6:46 of 3rd period - Stopped by Alexandar Georgiev with a rebound.
6:48 of 3rd period - Wrist shot by Charlie Coyle.
6:48 of 3rd period - Shot Blocked by Philippe Myers.
7:24 of 3rd period - Jamie McBain is hit by T.J. Hensick and loses puck.
7:37 of 3rd period - Roland McKeown is hit by Jamie Benn and loses puck.
7:59 of 3rd period - Dylan Larkin is hit by Anton Slepyshev and loses puck.
8:17 of 3rd period - Carson Mcmillan is hit by David Pastrnak and loses puck.
9:08 of 3rd period - Wrist shot by Noel Acciari.
9:08 of 3rd period - Stopped by Frederik Andersen with a rebound.
9:10 of 3rd period - Wrist shot by Jason Robertson.
9:10 of 3rd period - Shot Hit the Post.
9:30 of 3rd period - Leon Draisaitl is hit by Carson Mcmillan and loses puck.
9:44 of 3rd period - Icing by Philippe Myers.
9:45 of 3rd period - Connor McDavid wins face-off versus Dylan Larkin in Oilers zone.
10:09 of 3rd period - Wrist shot by Connor McDavid.
10:09 of 3rd period - Shot Misses the Net.
10:12 of 3rd period - Icing by Philip Samuelsson.
10:13 of 3rd period - Tyler Johnson wins face-off versus Dylan Larkin in Red Wings zone.
10:14 of 3rd period - Snap shot by Jamie McBain.
10:14 of 3rd period - Shot Misses the Net.
10:19 of 3rd period - Connor Brown is hit by Jamie McBain.
10:43 of 3rd period - Alex Galchenyuk is hit by Anton Slepyshev and loses puck.
10:59 of 3rd period - Minor Penalty to Andrew Mangiapane for Hooking.
11:00 of 3rd period - Tyler Johnson wins face-off versus Charlie Coyle in Oilers zone.
11:03 of 3rd period - Off-side.
11:04 of 3rd period - Tyler Johnson wins face-off versus Charlie Coyle in neutral zone.
11:27 of 3rd period - Leon Draisaitl is hit by Connor Brown and loses puck.
12:59 of 3rd period - Penalty to Andrew Mangiapane is over, Andrew Mangiapane is back on ice.
13:28 of 3rd period - Icing by Jason Robertson.
13:29 of 3rd period - Noel Acciari wins face-off versus T.J. Hensick in Oilers zone.
14:33 of 3rd period - Snap shot by Anton Slepyshev.
14:33 of 3rd period - Shot Misses the Net.
14:35 of 3rd period - Slapshot by Philippe Myers.
14:35 of 3rd period - Shot Misses the Net.
15:35 of 3rd period - Snap shot by Jordan Staal.
15:35 of 3rd period - Shot Misses the Net.
16:40 of 3rd period - Wrist shot by Noel Acciari.
16:40 of 3rd period - Stopped by Frederik Andersen with a rebound.
16:51 of 3rd period - Minor Penalty to Charlie Coyle for Roughing.
16:52 of 3rd period - Frederik Gauthier wins face-off versus T.J. Hensick in Red Wings zone.
17:03 of 3rd period - Slapshot by Leon Draisaitl.
17:03 of 3rd period - Stopped by Frederik Andersen without a rebound.
17:04 of 3rd period - Frederik Gauthier wins face-off versus T.J. Hensick in Red Wings zone.
18:51 of 3rd period - Penalty to Charlie Coyle is over, Charlie Coyle is back on ice.
18:59 of 3rd period - Oilers, Alexandar Georgiev is pulled from the net.
19:11 of 3rd period - Slapshot by Marcus Pettersson.
19:11 of 3rd period - Shot Misses the Net.
19:13 of 3rd period - Slapshot by Andrew Mangiapane.
19:13 of 3rd period - Stopped by Frederik Andersen with a rebound.
19:15 of 3rd period - Snap shot by Anton Slepyshev.
19:15 of 3rd period - Shot Blocked by Charlie Coyle.
19:17 of 3rd period - Snap shot by Andrew Mangiapane.
19:17 of 3rd period - Stopped by Frederik Andersen with a rebound.
19:23 of 3rd period - Snap shot by Anton Slepyshev.
19:23 of 3rd period - Stopped by Frederik Andersen with a rebound.
19:25 of 3rd period - Slapshot by Anton Slepyshev.
19:25 of 3rd period - Goal by Anton Slepyshev - Red Wings : 3 - Oilers : 3.
19:25 of 3rd period - Alexandar Georgiev from Oilers was sent back in the game.
19:26 of 3rd period - Andrew Mangiapane wins face-off versus Carson Mcmillan in neutral zone.
Goals for this period are 0 for Red Wings vs 1 for Oilers.
Shots for this period are 2 for Red Wings vs 9 for Oilers.
Overtime #1
0:01 of 1st overtime period - Connor Brown wins face-off versus Connor McDavid in neutral zone.
0:04 of 1st overtime period - Slapshot by Philip Samuelsson.
0:04 of 1st overtime period - Shot Misses the Net.
0:06 of 1st overtime period - Snap shot by Philip Samuelsson.
0:06 of 1st overtime period - Stopped by Alexandar Georgiev with a rebound.
0:08 of 1st overtime period - Snap shot by Dylan Larkin.
0:08 of 1st overtime period - Stopped by Alexandar Georgiev without a rebound.
0:09 of 1st overtime period - Connor Brown wins face-off versus Connor McDavid in Oilers zone.
0:40 of 1st overtime period - Wrist shot by Connor Brown.
0:40 of 1st overtime period - Deflect By Nikita Kucherov.
0:40 of 1st overtime period - Stopped by Alexandar Georgiev without a rebound.
0:41 of 1st overtime period - Connor McDavid wins face-off versus Connor Brown in Oilers zone.
1:00 of 1st overtime period - Snap shot by Charlie Coyle.
1:00 of 1st overtime period - Shot Misses the Net.
1:02 of 1st overtime period - Snap shot by Colton Parayko.
1:02 of 1st overtime period - Stopped by Alexandar Georgiev with a rebound.
1:04 of 1st overtime period - Slapshot by Colton Parayko.
1:04 of 1st overtime period - Deflect By Alex Galchenyuk.
1:04 of 1st overtime period - Shot Hit the Post.
1:04 of 1st overtime period - Puck is out of play.
1:05 of 1st overtime period - Connor Brown wins face-off versus Connor McDavid in Oilers zone.
1:28 of 1st overtime period - Philip Samuelsson is hit by Tyler Johnson and loses puck.
3:08 of 1st overtime period - Snap shot by Danton Heinen.
3:08 of 1st overtime period - Stopped by Alexandar Georgiev with a rebound.
3:50 of 1st overtime period - Slapshot by Jamie Benn.
3:50 of 1st overtime period - Shot Blocked by Jimmy Vesey.
3:56 of 1st overtime period - Noel Acciari is hit by Colton Parayko and loses puck.
4:09 of 1st overtime period - Philip Samuelsson is hit by Nikita Kucherov and loses puck.
4:52 of 1st overtime period - Slapshot by Leon Draisaitl.
4:52 of 1st overtime period - Shot Misses the Net.
Goals for this period are 0 for Red Wings vs 0 for Oilers.
Shots for this period are 5 for Red Wings vs 0 for Oilers.
ShootOut
5:00 of 1st overtime period - Round #1.
5:00 of 1st overtime period - Red Wings, Dylan Larkin.
5:00 of 1st overtime period - Snap shot by Dylan Larkin.
5:00 of 1st overtime period - Stopped by Alexandar Georgiev.
5:00 of 1st overtime period - Oilers, Connor McDavid.
5:00 of 1st overtime period - Wrist shot by Connor McDavid.
5:00 of 1st overtime period - Stopped by Frederik Andersen.
5:00 of 1st overtime period - Round #2.
5:00 of 1st overtime period - Red Wings, Alex Galchenyuk.
5:00 of 1st overtime period - Deke by Alex Galchenyuk.
5:00 of 1st overtime period - Stopped by Alexandar Georgiev.
5:00 of 1st overtime period - Oilers, Nikita Kucherov.
5:00 of 1st overtime period - Wrist shot by Nikita Kucherov.
5:00 of 1st overtime period - Stopped by Frederik Andersen.
5:00 of 1st overtime period - Round #3.
5:00 of 1st overtime period - Red Wings, Carson Mcmillan.
5:00 of 1st overtime period - Snap shot by Carson Mcmillan.
5:00 of 1st overtime period - Goal by Carson Mcmillan.
5:00 of 1st overtime period - Oilers, David Pastrnak.
5:00 of 1st overtime period - Snap shot by David Pastrnak.
5:00 of 1st overtime period - Stopped by Frederik Andersen.